 Dungeon Crawl Stone Soup version 0.20.0-15-g7f486f2 (webtiles) character file.

65 polve the Slasher (level 4, -18/23 HPs)
             Began as a Vine Stalker Fighter on June 30, 2017.
             Killed from afar by Ijyb (21 damage)
             ... with a wand of lightning (?/15)
             ... on level 3 of the Dungeon.
             The game lasted 00:06:14 (1879 turns).

polve the Slasher (Vine Stalker Fighter)            Turns: 1879, Time: 00:06:15

Health: -18/23     AC:  6    Str: 18    XL:     4   Next: 14%
Magic:  0/5        EV:  7    Int:  8    God:
Gold:   119        SH:  9    Dex: 15    Spells: 3/3 levels left

rFire    . . .     SeeInvis .   h - +1 short sword (speed)
rCold    . . .     Gourm    .   c - +0 shield
rNeg     . . .     Faith    .   b - +0 scale mail
rPois    .         Spirit   +   (no helmet)
rElec    .         Reflect  .   (no cloak)
rCorr    .         Harm     .   (no gloves)
MR       .....                  (no boots)
Stlth    ..........             (no amulet)
Regen    0.5/turn               (no ring)
MPRegen  0.1/turn               (no ring)

@: no status effects
A: fangs 2, regeneration 1, magic shield, antimagic bite, no potion heal 3, rot
immunity
a: no special abilities


You were on level 3 of the Dungeon.
You were not hungry.

You visited 1 branch of the dungeon, and saw 3 of its levels.

You collected 119 gold pieces.

Inventory:

Hand Weapons
 a - a +0 long sword
 h - a +1 short sword of speed (weapon)
Armour
 b - a +0 scale mail (worn)
 c - a +0 shield (worn)
 q - a +0 pair of gloves
Jewellery
 i - an uncursed amulet of harm {unknown}
 m - an uncursed ring of wizardry {unknown}
Scrolls
 j - 2 scrolls of amnesia {unknown}
 k - a scroll of identify {unknown}
 p - a scroll of remove curse {unknown}
 r - a scroll of teleportation {unknown}
 t - a scroll of recharging {unknown}
Potions
 d - a potion of might
 e - a potion of lignification {unknown}
 l - a potion of agility {unknown}
 n - a potion of mutation {unknown}
 o - a potion of flight {unknown}
Comestibles
 f - 4 bread rations
 g - 3 royal jellies
 s - 6 chunks of flesh


   Skills:
 - Level 2.6 Fighting
 + Level 3.9 Long Blades
 - Level 2.4 Armour
 - Level 2.6 Shields


You had 3 spell levels left.
You didn't know any spells.

Dungeon Overview and Level Annotations

Branches:
Dungeon (3/15)

Altars:
Elyvilon
Makhleb
Trog
The Shining One

Annotations:
D:3 Ijyb


Innate Abilities, Weirdness & Mutations

You have extremely sharp teeth.
Your natural rate of healing is unusually fast.
When hurt, damage is shared between your health and your magic reserves.
Your bite disrupts and absorbs the magic of your enemies.
Potions cannot restore your health.
You are immune to rotting.


Message History

You are too injured to fight recklessly!
You are too injured to fight recklessly!
You are too injured to fight recklessly!
You are too injured to fight recklessly!
You are too injured to fight recklessly!
There are monsters nearby!
There are monsters nearby!
There are monsters nearby!
You are too injured to fight recklessly!
You are too injured to fight recklessly!
You are too injured to fight recklessly!
You aren't carrying any items that you can evoke.
Unknown command.
You block the giant cockroach's attack.
Ijyb zaps a wand.
The bolt of lightning hits the giant cockroach.
The giant cockroach dies!
The bolt of lightning hits you!
Ouch! That really hurt!
You die...

#^......##..##..≈≈##
#.......###.##...≈≈#
...##
#......)###.#.)...≈#
....#
#######..##.......≈#
......
##.##.......≈#
......
#...<.....≈≈##......
#####....≈≈##?......
#...####........
#....@.†..g.....
##)............#
##...........##
#.).#.###.####
#...##.# .# #.#.##.#
.. #...##.# ..
###....# #.. ..#


You could see Ijyb.

Vanquished Creatures
  An adder (D:3)
  An ooze (D:1)
  2 worms (D:2)
  A leopard gecko (D:2)
  An orc (D:3)
  A giant cockroach (D:2)
  4 goblins
  2 hobgoblins
  2 jackals (D:1)
  A quokka (D:2)
  8 bats
  3 frilled lizards
  8 kobolds
  14 rats
49 creatures vanquished.

Vanquished Creatures (others)
  A giant cockroach (D:3)
1 creature vanquished.

Grand Total: 50 creatures vanquished

Notes
Turn   | Place    | Note
-------+----------+-------------------------------------------
     0 | D:1      | polve the Vine Stalker Fighter began the quest for the Orb.
     0 | D:1      | Reached XP level 1. HP: 11/11 MP: 2/2
    67 | D:1      | Reached skill level 2 in Long Blades
   119 | D:1      | Reached XP level 2. HP: 12/16 MP: 1/3
   534 | D:1      | Reached skill level 3 in Long Blades
   829 | D:2      | Reached XP level 3. HP: 19/19 MP: 4/4
  1431 | D:2      | Found a bloodstained altar of Trog.
  1432 | D:2      | Found a burning altar of Makhleb.
  1432 | D:2      | Found a white marble altar of Elyvilon.
  1432 | D:2      | Found a glowing golden altar of the Shining One.
  1825 | D:3      | Gained mutation: Your natural rate of healing is unusually fast. [Vine Stalker growth]
  1825 | D:3      | Reached XP level 4. HP: 23/23 MP: 5/5
  1874 | D:3      | Noticed Ijyb
  1876 | D:3      | HP: 1/23 [Ijyb/wand of lightning (?/15) (21)]
  1879 | D:3      | Killed from afar by Ijyb

Skill      XL: |  1  2 |
---------------+-------+-----
Long Blades    | 2 3 |  3.9
Fighting       | |  2.6
Armour         | |  2.4
Shields        | |  2.6

Action                   |  1- 3 |  4- 6 || total
-------------------------+-------+-------++-------
Melee: Long sword        |    72 |       ||    72
       Bite              |    34 |     1 ||    35
       Short sword       |    71 |     9 ||    80
  Eat: Chunk             |     3 |       ||     3
Armor: Scale mail        |    63 |     5 ||    68
Dodge: Dodged            |    49 |     3 ||    52
Block: Shield            |    77 |     8 ||    85
       Rpst.: Long sword |     8 |       ||     8
